 Dungeon Crawl Stone Soup version 0.27-a0-1186-g8b4daa1eef (webtiles) character file.

Game seed: 10902050843198523708

3459 robertstho the Thaumaturge (level 10, -1/64 HPs)
             Began as a Djinni Fire Elementalist on May 19, 2021.
             Was an Initiate of Gozag.
             Shot with an arrow by a centaur (6 damage)
             ... on level 8 of the Dungeon.
             The game lasted 00:12:48 (11252 turns).

robertstho the Thaumaturge (DjFE)                  Turns: 11252, Time: 00:12:49

Health: -1/64      AC:  6    Str:  7    XL:     10   Next: 26%
Gold:   683        EV: 13    Int: 21    God:    Gozag SH:  0 Dex: 15

rFire    + + +     SeeInvis +   B - +2 scimitar (vamp)
rCold    x . .     Faith    .   (no shield)
rNeg     . . .     Spirit   .   w - +2 robe {rF+}
rPois    ∞         Reflect  .   (no helmet)
rElec    .         Harm     .   y - +0 cloak
rCorr    .         Rampage  .   h - +0 pair of gloves
Will     +....                  (boots unavailable)
Stlth    +++.......             (no amulet)
HPRegen  0.20/turn              d - ring "Xukhlokh" {Int+2 SInv}
MPRegen  0.00/turn              (no ring)

@: flying, very slightly contaminated
A: sickness immunity, fire resistance 2, cold vulnerability 1, float, innate
caster, hp casting, extra vitality 1
a: Renounce Religion, Potion Petition, Call Merchant, Bribe Branch


You were on level 8 of the Dungeon.
You worshipped Gozag.
Gozag was pleased with you.
You visited 2 branches of the dungeon, and saw 9 of its levels.

You collected 919 gold pieces.
You spent 177 gold pieces at shops.
You paid 59 gold pieces to Gozag.

Inventory:

Hand Weapons
 n - a +1 dagger of venom
 r - a +2 dagger of speed
 B - a +2 vampiric scimitar (weapon)
Missiles
 z - a throwing net
Armour
 h - a +0 pair of gloves (worn)
 w - a +2 robe of fire resistance (worn)
 y - a +0 cloak (worn)
Jewellery
 d - the ring "Xukhlokh" (left hand) {Int+2 SInv}
   (You acquired it on level 2 of the Dungeon)

   [ring of see invisible]

   It affects your intelligence (+2).
   It lets you see invisible.
 v - an amulet of faith
Wands
 o - a wand of iceblast (9)
Scrolls
 a - a scroll of silence {unknown}
 e - 2 scrolls of fear {unknown}
 f - 2 scrolls of magic mapping {unknown}
 i - a scroll of summoning {unknown}
 j - a scroll of blinking {unknown}
 p - 2 scrolls of teleportation {unknown}
 q - 2 scrolls of vulnerability {unknown}
 t - a scroll of brand weapon {unknown}
 A - 2 scrolls of enchant armour {unknown}
Potions
 b - 6 potions of curing {unknown}
 c - 2 potions of resistance {unknown}
 g - 3 potions of attraction {unknown}
 k - a potion of haste {unknown}
 l - a potion of lignification {unknown}
 m - 2 potions of cancellation {unknown}
 s - a potion of mutation {unknown}
 u - a potion of flight {unknown}
 x - a potion of brilliance {unknown}
 C - a potion of heal wounds {unknown}


   Skills:
 + Level 2.3 Fighting
 + Level 1.1 Short Blades
 + Level 2.9 Dodging
 + Level 4.3 Stealth
 + Level 10.1 Spellcasting


You had 4 spell levels left.
You knew the following spells:

 Your Spells              Type           Power      Damage    Failure   Level
a - Foxfire               Conj/Fire      100%       2x1d9     1%          1
b - Conjure Flame         Conj/Fire      52%        6-21      1%          3
c - Inner Flame           Hex/Fire       52%        N/A       1%          3
d - Sticky Flame          Conj/Fire      52%        2d7       1%          4
e - Fireball              Conj/Fire      26%        3d12      2%          5
f - Sandblast             Erth           100%       2d20      1%          1
g - Call Imp              Summ           52%        N/A       1%          2
h - Lesser Beckoning      Tloc           26%        N/A       1%          3
i - Summon Guardian Gole  Hex/Summ       52%        N/A       1%          3
Your spell library was empty.

Dungeon Overview and Level Annotations

Branches:
Dungeon (8/15)             Temple (1/1) D:4
   Lair: D:8-11

Altars:
Ashenzari
Elyvilon
Fedhas
Gozag
Hepliaklqana
Qazlal
Uskayaw
Xom

Shops:
D:1 [


Innate Abilities, Weirdness & Mutations

You are immune to sickness and miasma.
You are immune to poison.
Your flesh is very heat resistant. (rF++)
You are vulnerable to cold. (rC-)
You float through the air rather than walking.
You learn spells naturally, not from books.
Your magical power is your life essence.
You have superior vitality. (+4 HP)


Message History

Confirm with . or Enter, or press ? or * to list all spells.
Aiming: Fireball (dangerous; 2% risk of failure)
Press: ? - help, Shift-Dir - straight line, f - centaur
Aim: a centaur, wearing a +0 robe and quivering arrows (wandering, hasn't noticed you)
The fireball explodes!
The fireball engulfs the centaur.
The centaur is moderately wounded.
The centaur shouts!
The centaur wields a +0 shortbow.
The centaur shoots an arrow.
The arrow barely misses you.
Casting: Fireball (dangerous; 2% risk of failure)
Confirm with . or Enter, or press ? or * to list all spells.
Aiming: Fireball (dangerous; 2% risk of failure)
Press: ? - help, Shift-Dir - straight line, f/p - centaur
Aim: a centaur, wielding a +0 shortbow, wearing a +0 robe and quivering arrows (moderately wounded)
The fireball explodes!
The fireball engulfs the centaur!
The centaur is severely wounded.
The centaur shoots an arrow.
The arrow hits you!
The centaur shoots an arrow.
The arrow hits you but does no damage.
Casting: Fireball (dangerous; 2% risk of failure)
Confirm with . or Enter, or press ? or * to list all spells.
Aiming: Fireball (dangerous; 2% risk of failure)
Press: ? - help, Shift-Dir - straight line, f/p - centaur
Aim: a centaur, wielding a +0 shortbow, wearing a +0 robe and quivering arrows (severely wounded)
You miscast Fireball.
You are very lightly contaminated with residual magic.
Nothing appears to happen.
* * * LOW HITPOINT WARNING * * *
The centaur shoots an arrow.
The arrow hits you!
* * * LOW HITPOINT WARNING * * *
Casting: Fireball (dangerous; 2% risk of failure)
Confirm with . or Enter, or press ? or * to list all spells.
You don't have enough health to cast this spell.
The centaur shoots an arrow.
The arrow misses you.
Unknown command.
Casting: Fireball (dangerous; 2% risk of failure)
Confirm with . or Enter, or press ? or * to list all spells.
You don't have enough health to cast this spell.
The centaur shoots an arrow.
The arrow hits you.
You die...
Your body crumbles into a pile of gold.

..# ..# ..#.$# ..#.# .
...# :# ..# .#
.######### ##..# .#
.........######...#.#
######.#......#.#.$##
#.###......@...#
#.######.......$#
#...####.........#
###...........c...#
##...##.......#.. ######
#...###..=.[..^.#
.....###.#.....[.....#.#
.........#####.......#..
.....##### .


You could see a centaur.

Vanquished Creatures
  A hornet (D:7)
  A steam dragon (D:6)
  Menkaure (D:7)
  Duvessa (D:7)
  A sky beast (D:8)
  2 orc warriors
  A hornet zombie (D:8)
  An ice beast (D:5)
  4 black bears
  3 necrophages
  2 ogres (D:5)
  A phantom (D:6)
  A centaur (D:6)
  A bullfrog (D:7)
  A gnoll sergeant (D:7)
  5 scorpions
  A wyvern zombie (D:7)
  Dowan (D:7)
  A bullfrog zombie (D:6)
  2 hounds
  A gnoll shaman (D:8)
  3 jellies
  A bullfrog skeleton (D:5)
  2 orc priests (D:6)
  A centaur skeleton (D:5)
  An iguana (D:7)
  10 orc wizards
  Ijyb (D:3)
  9 adders
  4 howler monkey skeletons
  8 gnolls (D:7)
  2 white imps (D:8)
  An ufetubus (D:4)
  A worm (D:3)
  3 dart slugs
  21 orcs
  12 endoplasms
  A giant cockroach (D:2)
  9 goblins
  9 hobgoblins
  9 jackals
  A quokka (D:1)
  6 ball pythons
  2 bats (D:1)
  3 frilled lizards
  8 kobolds
  A quokka skeleton (D:4)
  2 rats
164 creatures vanquished.

Vanquished Creatures (others)
  798 foxfires
  5 withered plants (D:2)
803 creatures vanquished.

Grand Total: 967 creatures vanquished

Notes
Turn   | Place    | Note
-------+----------+-------------------------------------------
     0 | D:1      | robertstho the Djinni Fire Elementalist began the quest for
                  | the Orb.
     0 | D:1      | Reached XP level 1. HP: 15/15 MP: 0/0
   177 | D:1      | Reached XP level 2. HP: 12/21 MP: 0/0
  1174 | D:1      | Reached skill level 3 in Spellcasting
  1175 | D:1      | Reached XP level 3. HP: 14/25 MP: 0/0
  1175 | D:1      | Learned a level 1 spell: Sandblast
  1436 | D:1      | Found Acyig's Armour Emporium.
  2332 | D:2      | Reached XP level 4. HP: 27/31 MP: 0/0
  2458 | D:2      | Found a faded altar of an unknown god.
  3259 | D:2      | Reached XP level 5. HP: 30/35 MP: 0/0
  3259 | D:2      | Learned a level 2 spell: Call Imp
  3349 | D:2      | Identified a scroll of acquirement
  3350 | D:2      | Acquired the ring "Xukhlokh" {Int+2 SInv}
  3588 | D:3      | Reached skill level 4 in Spellcasting
  3840 | D:3      | Noticed Ijyb
  3846 | D:3      | Killed Ijyb
  4329 | D:3      | Noticed a necrophage
  4335 | D:3      | Killed a necrophage
  4336 | D:3      | Reached XP level 6. HP: 34/40 MP: 0/0
  4778 | D:4      | Noticed a necrophage
  4781 | D:4      | Reached skill level 5 in Spellcasting
  4787 | D:4      | Killed a necrophage
  4945 | D:4      | Identified the Compendium of Frigorific Evil Secrets
  5037 | D:4      | Reached XP level 7. HP: 43/45 MP: 0/0
  5037 | D:4      | Learned a level 3 spell: Lesser Beckoning
  5561 | D:4      | Found a staircase to the Ecumenical Temple.
  5790 | Temple   | Entered the Ecumenical Temple
  5810 | Temple   | Became a worshipper of Gozag Ym Sagoz the Greedy
  5951 | D:4      | Reached skill level 1 in Fighting
  6224 | D:5      | Entered Level 5 of the Dungeon
  6273 | D:5      | Reached skill level 6 in Spellcasting
  6379 | D:5      | Reached XP level 8. HP: 35/52 MP: 0/0
  6846 | D:5      | Reached skill level 7 in Spellcasting
  7335 | D:1      | Bought a +2 robe of fire resistance for 177 gold pieces
  7710 | D:6      | Reached XP level 9. HP: 42/57 MP: 0/0
  7710 | D:6      | Learned a level 3 spell: Summon Guardian Golem
  7871 | D:6      | Reached skill level 8 in Spellcasting
  9361 | D:7      | Noticed Dowan
  9363 | D:7      | Killed Dowan
  9712 | D:7      | Reached skill level 9 in Spellcasting
  9979 | D:7      | Noticed Duvessa
  9981 | D:7      | Noticed Menkaure
  9984 | D:7      | Killed Duvessa
  9985 | D:7      | Killed Menkaure
 10050 | D:7      | Noticed a hornet
 10053 | D:7      | Killed a hornet
 10054 | D:7      | Reached XP level 10. HP: 3/64 MP: 0/0
 10653 | D:7      | Found a hazy altar of Hepliaklqana.
 10923 | D:8      | Reached skill level 1 in Short Blades
 11145 | D:8      | Reached skill level 10 in Spellcasting
 11252 | D:8      | Shot with an arrow by a centaur

Illustrated notes

Levels and vault maps discovered:
D:1:      ebering_hopf_link, layout_basic, serial_shops, shop,
          minmay_misc_feat_four_crosses, minmay_fountain_box
D:2:      layout_loops_ring, ebering_ecumenical_altar_petrified
D:3:      layout_basic, uniq_ijyb
D:4:      layout_layer_cave, minmay_temple_entry_gardened_gates,
          nicolae_zen_rock_garden, minmay_surrounded, uniq_robin
D:5:      layout_cave_pools, kennysheep_generic_room_7
D:6:      layout_layer_cave
D:7:      layout_basic, nzn_hepliaklqana_mist_gate, uniq_menkaure, uniq_duvessa
D:8:      layout_rooms, grunt_temple_overflow_open, serial_shops,
          nicolae_shop_statue_plus, shop, shop, shop_fountains,
          gammafunk_ghost_gnarly_gnolls, special_room [special_room_kobold],
          minmay_manual_mail
Temple:   eino_temple_water

Skill      XL: |  1  2  3  4  5  6  7  8  9 10 |
---------------+-------------------------------+-----
Spellcasting   | 3 4 5 6 7 9 10 | 10.1
Stealth        | 2 3 4 |  4.3
Fighting       | 1 2 |  2.3
Short Blades   | 1 |  1.1
Dodging        | |  2.9

Action                   |  1- 3 |  4- 6 |  7- 9 | 10-12 || total
-------------------------+-------+-------+-------+-------++-------
Melee: Dagger            |       |       |     3 |       ||     3
       Scimitar          |       |       |       |     3 ||     3
 Cast: Foxfire           |   106 |   148 |   220 |       ||   474
       Sticky Flame      |       |     1 |     4 |     3 ||     8
       Fireball          |       |       |    24 |    23 ||    47
       Conjure Flame     |       |       |     1 |       ||     1
  Use: Scroll            |       |     3 |       |       ||     3
Armor: Robe              |     4 |     2 |     6 |     1 ||    13
Dodge: Dodged            |     8 |     5 |    15 |    10 ||    38
       Rpst.: Scimitar   |       |       |       |     1 ||     1

Table legend: (Time is in decaauts)
 A = Elapsed time spent in this place.
 B = Non-inter-level travel time spent in this place.
 C = Inter-level travel time spent in this place.
 D = Time resting spent in this place.
 E = Time spent auto-exploring this place.
 F = Levels seen in this place.
 G = Mean time per level.
                   A        B        C        D        E       F      G
               +--------+--------+--------+--------+--------+-----+--------+
         Total |  11256 |  10614 |    642 |    624 |   8961 |   9 | 1250.7 |
       Dungeon |  11226 |  10595 |    631 |    624 |   8953 |   8 | 1403.2 |
        Temple |     30 |     20 |     10 |      0 |      8 |   1 |   30.0 |
               +--------+--------+--------+--------+--------+-----+--------+

Top non-repeatable levels by time:
     D:6: 2229 daAuts
     D:1: 2009 daAuts
     D:4: 1721 daAuts
     D:2: 1493 daAuts
     D:3: 1196 daAuts
     D:7: 1192 daAuts
     D:5: 1034 daAuts
     D:8: 348 daAuts
  Temple: 30 daAuts
